 Seeded DCSS version 0.32-a0-900-g30fb1b0edc (webtiles) character file.

Game seed: 17073724502869601980 (custom seed)

2335 timneilson the Ruffian (level 9, -8/87 HPs)
             Began as an Octopode Shapeshifter on Apr 5, 2024.
             Was an Initiate of Gozag.
             Mangled by Joseph
             ... wielding a +0 quarterstaff
              (16 damage)
             ... on level 8 of the Dungeon on Apr 6, 2024.
             The game lasted 00:14:09 (7348 turns).

timneilson the Ruffian (Octopode Shapeshifter)      Turns: 7348, Time: 00:14:10

Health: -8/87      AC:  1    Str: 24    XL:     9   Next: 42%
Magic:  9/9        EV: 14    Int: 12    God:    Gozag
Gold:   644        SH:  0    Dex: 11    Spells: 8/8 levels left

rFire   . .          .
                       - Unarmed
rCold   . . .        (no shield)
rNeg    + . .        (helmet currently unavailable)
rPois   .            (no amulet)
rElec   .            d - ring "Feirph" {rN+ rCorr Str+6}
rCorr   +            o - ring of see invisible
SInv    +            n - ring of resist corrosion
Will    .....        (no ring) Stlth
                     (no ring)
HPRegen 0.34/turn    (no ring)
MPRegen 0.11/turn    (no ring)
                     (no ring)

%: no passive effects
@: berserking, lethally poisoned (-8 -> -10), beast-form, gold aura, very quick
A: beast (slay +3), almost no armour, amphibious, 8 rings, camouflage 1,
gelatinous body 1, (nimble swimmer 1), tentacles
a: Begin Untransformation, Renounce Religion, Potion Petition, Call Merchant,
Bribe Branch


You were on level 8 of the Dungeon.
You worshipped Gozag.
Gozag was pleased with you.
You were a hulking beast.
You visited 2 branches of the dungeon, and saw 9 of its levels.

You collected 709 gold pieces.
You paid 65 gold pieces to Gozag.

Inventory:

Missiles
 x - a throwing net
 B - 4 poisoned darts (quivered)
Armour
 j - a +2 hat
 p - the +1 hat "Rujeb" {Dex+2 Stlth+}
   (You acquired it on level 4 of the Dungeon)

   Dex+2:     It affects your dexterity (+2).
   Stlth+:    It makes you more stealthy.
Jewellery
 d - the ring "Feirph" (left tentacle) {rN+ rCorr Str+6}
   (You acquired it on level 1 of the Dungeon)

   [ring of resist corrosion]

   Str+6:     It affects your strength (+6).
   rN+:       It protects you from negative energy.
   rCorr:     It protects you from acid and corrosion.
 i - a +4 ring of protection
 n - a ring of resist corrosion (on tentacle)
 o - a ring of see invisible (right tentacle)
 y - a ring of magical power
Talismans
 b - a beast talisman (active)
 c - a flux talisman
 h - a granite talisman
 u - a dragon-blood talisman
Wands
 l - a wand of roots (21)
 z - a wand of quicksilver (10)
 A - a wand of flame (17)
 C - a wand of mindburst (8)
Scrolls
 q - 2 scrolls of fear
 r - 2 scrolls of amnesia
 D - a scroll of teleportation
 E - a scroll of summoning {unknown}
Potions
 a - 3 potions of lignification
 e - a potion of mutation {unknown}
 f - a potion of haste {unknown}
 g - 2 potions of might
 m - a potion of magic {unknown}
 s - a potion of degeneration {unknown}
 t - a potion of ambrosia
 v - a potion of enlightenment {unknown}
 w - 2 potions of attraction


   Skills:
 + Level 4.1 Fighting
 * Level 6.2 Dodging
 + Level 5.5 Stealth
 * Level 6.5 Unarmed Combat
 + Level 3.9 Evocations
 * Level 6.1 Shapeshifting


You had 8 spell levels left.
You didn't know any spells.
Your spell library contained the following spells:

 Spells                   Type           Power      Damage    Failure   Level
 Summon Ice Beast         Ice/Summ       0%         N/A       69%         3
 Summon Mana Viper        Hex/Summ       0%         N/A       100%        5
 Monstrous Menagerie      Summ           0%         N/A       100%        7


Dungeon Overview and Level Annotations

Branches:
Dungeon (8/15)             Temple (1/1) D:5
   Lair: D:8-11

Altars:
Ashenzari
Cheibriados
Dithmenos
Elyvilon
Fedhas
Gozag
Hepliaklqana
Kikubaaqudgha
Makhleb
Nemelex Xobeh
Okawaru
Ru
Sif Muna
Uskayaw
Vehumet
Xom
Yredelemnul
Zin
The Shining One

Annotations:
D:8 Joseph


Innate Abilities, Weirdness & Mutations

You are a hulking beast.
Your limbs bulge with bestial killing power. (Slay +3)
You cannot wear most types of armour.
You are amphibious.
You can wear up to eight rings at the same time.
Your skin changes colour to match your surroundings (Stealth+).
Your rubbery body absorbs attacks. (AC +1, EV +1)
((You are camouflaged when in or above water. (Stealth+)))
You have tentacles for arms and can constrict up to eight enemies at once.


Message History

Press: ? - help, v - describe, . - travel
Here: Joseph, wielding a +0 quarterstaff and wearing a +0 ring mail The floor.
Okay, then.
You feel sick.
Joseph is distracted by your dazzling golden aura.
The kobold throws a poisoned dart.
The poisoned dart hits you!
You are more poisoned.
You feel very sick.
Joseph is no longer distracted by gold.
The kobold is distracted by your dazzling golden aura.
You bludgeon the kobold!
You kill the kobold!
You feel sick.
The kobold brigand is no longer distracted by gold.
You feel sick.
You bludgeon Joseph! Your grab misses Joseph.
Joseph is lightly wounded.
You feel sick. Joseph hits you with a +0 quarterstaff!
You barely miss Joseph. You grab Joseph.
Joseph is lightly wounded.
You constrict Joseph.
You feel sick.
The kobold is no longer distracted by gold.
Joseph hits you with a +0 quarterstaff!
* * * LOW HITPOINT WARNING * * *
Unknown command.
You are confused.
You feel invigorated.
You constrict Joseph.
You feel sick. Joseph hits you with a +0 quarterstaff.
* * * LOW HITPOINT WARNING * * *
You bump into the rock wall.
You constrict Joseph.
You feel sick. Joseph hits you with a +0 quarterstaff!
* * * LOW HITPOINT WARNING * * *
Unknown command.
A red film seems to cover your vision as you go berserk!
You feel yourself moving faster!
You feel mighty!
You feel less invigorated.
You feel less confused.
You constrict Joseph.
You feel sick. Joseph hits you with a +0 quarterstaff!
You die...
Your body crumbles into a pile of gold.

..... .##.. # ....
#.#..# # ...##....# ##
........# #. .......#
####. . ##......##.#....
..^ ##.).............
.....###..))..........#.
.....K@h.........##..##.
......##K.........### ##
.....(........#....## #
..............#..#..
.(................##. ..
.................. .
#####.............
##.....####.. #...)##


You could see Joseph, a kobold brigand and a kobold.

Vanquished Creatures
  2 water moccasins
  An orc warrior (D:7)
  A black bear (D:6)
  An ogre (D:6)
  2 centaurs
  2 phantoms (D:5)
  2 scorpions (D:5)
  A bullfrog (D:7)
  A gnoll sergeant (D:7)
  3 wights (D:7)
  3 killer bees (D:7)
  2 howler monkeys (D:7)
  4 hounds
  7 orc priests
  2 sleepcaps
  3 iguanas
  5 orc wizards
  9 gnolls
  11 adders
  A white imp (D:7)
  2 ufetubi (D:6)
  3 dart slugs
  31 orcs
  8 endoplasms
  5 giant cockroaches
  8 hobgoblins
  11 jackals
  4 quokkas
  3 ball pythons
  11 bats
  7 frilled lizards
  6 goblins
  15 kobolds
  5 rats
182 creatures vanquished.

Notes
Turn   | Place    | Note
-------+----------+-------------------------------------------
     0 | D:1      | timneilson the Octopode Shapeshifter began the quest for
                  | the Orb.
     0 | D:1      | Reached XP level 1. HP: 13/13 MP: 1/1
   124 | D:1      | Identified a scroll of acquirement
   124 | D:1      | Acquired the ring "Feirph" {rN+ rCorr Str+6}
   307 | D:1      | Reached XP level 2. HP: 18/18 MP: 2/2
   534 | D:1      | Reached skill level 1 in Stealth
   711 | D:2      | Reached XP level 3. HP: 21/23 MP: 3/3
  1053 | D:2      | Reached XP level 4. HP: 25/28 MP: 4/4
  1667 | D:3      | Found a radiant altar of Vehumet.
  2082 | D:3      | Found a faded altar of an unknown god.
  2133 | D:3      | Reached XP level 5. HP: 28/34 MP: 5/5
  2440 | D:4      | Acquired the +1 hat "Rujeb" {Dex+2 Stlth+}
  2733 | D:4      | Reached skill level 1 in Evocations
  3023 | D:4      | Reached XP level 6. HP: 36/39 MP: 6/6
  3361 | D:5      | Entered Level 5 of the Dungeon
  3453 | D:5      | Reached XP level 7. HP: 33/45 MP: 7/7
  3650 | D:5      | Found a staircase to the Ecumenical Temple.
  3659 | Temple   | Entered the Ecumenical Temple
  3678 | Temple   | Became a worshipper of Gozag Ym Sagoz the Greedy
  3954 | D:5      | Reached skill level 5 in Unarmed Combat
  3954 | D:5      | Reached XP level 8. HP: 12/51 MP: 8/8
  4381 | D:6      | Reached skill level 5 in Shapeshifting
  4973 | D:6      | Reached skill level 5 in Dodging
  5653 | D:7      | Found an iron altar of Okawaru.
  5668 | D:7      | Found a shimmering blue altar of Sif Muna.
  5863 | D:7      | Found a broken altar of Ashenzari.
  6037 | D:7      | Reached XP level 9. HP: 56/58 MP: 9/9
  6051 | D:7      | Reached skill level 5 in Stealth
  7334 | D:8      | Noticed Joseph
  7347 | D:8      | HP: 2/58 [Joseph/+0 quarterstaff (8)]
  7348 | D:8      | Mangled by Joseph

Illustrated notes

Levels and vault maps discovered:
D:1:      lightli_arrival_windingriver, layout_loops_ring
D:2:      layout_basic, dk_noncrumbling_3
D:3:      layout_loops_corners, mainiacjoe_overflow_boulevard,
          shapermc_ecumenical_altar_gd, minmay_misc_feat_alley, st_stairs_8
D:4:      layout_gridville, lemuel_flame_loot_1
D:5:      layout_basic, minmay_temple_entry_stoned_glass
D:6:      layout_basic, grunt_decor_mini_mirrors
D:7:      layout_loops_cross, mainiacjoe_overflow_six_doors_small,
          lemuel_round_altar, lemuel_blue_sif_altar
D:8:      layout_cave_pools, gammafunk_temple_overflow_claw, serial_shops, shop,
          hangedman_abyss_or_decor_passed, fungi_pond_lemuel, uniq_joseph
Temple:   nicolae_temple_superstar

Skill      XL: |  1  2  3  4  5  6  7  8  9 |
---------------+----------------------------+-----
Stealth        | 1 2 3 4 5 |  5.5
Dodging        | 3 4 5 6 |  6.2
Evocations     | 1 2 3 |  3.9
Unarmed Combat | 4 5 6 |  6.5
Shapeshifting  | 4 5 6 |  6.1
Fighting       | 2 3 4 |  4.1

Action                     |  1- 3 |  4- 6 |  7- 9 || total
---------------------------+-------+-------+-------++-------
  Melee: Unarmed           |    58 |   120 |   177 ||   355
         Constrict         |    15 |    28 |    50 ||    93
         Tentacles         |    12 |    20 |    43 ||    75
         Punch             |       |     3 |     3 ||     6
    Use: Scroll            |     3 |     6 |     6 ||    15
         Potion            |       |       |     8 ||     8
   Stab: Sleeping          |    10 |    17 |     9 ||    36
         Distracted        |       |       |     2 ||     2
 Armour: Skin              |    17 |    51 |    95 ||   163
  Dodge: Dodged            |    28 |    58 |   104 ||   190

Table legend: (Time is in decaauts)
 A = Elapsed time spent in this place.
 B = Non-inter-level travel time spent in this place.
 C = Inter-level travel time spent in this place.
 D = Time resting spent in this place.
 E = Time spent auto-exploring this place.
 F = Levels seen in this place.
 G = Mean time per level.
                   A        B        C        D        E       F      G
               +--------+--------+--------+--------+--------+-----+--------+
         Total |   7327 |   7105 |    222 |   1087 |   4253 |   9 |  814.1 |
       Dungeon |   7288 |   7084 |    204 |   1087 |   4253 |   8 |  911.0 |
        Temple |     38 |     20 |     18 |      0 |      0 |   1 |   38.0 |
               +--------+--------+--------+--------+--------+-----+--------+

Top non-repeatable levels by time:
     D:7: 1554 daAuts
     D:6: 1401 daAuts
     D:4: 952 daAuts
     D:3: 918 daAuts
     D:5: 880 daAuts
     D:2: 819 daAuts
     D:1: 658 daAuts
     D:8: 104 daAuts
  Temple: 38 daAuts
